 Dungeon Crawl Stone Soup version 0.14.1 (webtiles) character file.

192273 Nihil the Acrobat (level 17, -4/85 HPs)
             Began as a Spriggan Assassin on Apr 26, 2014.
             Was the Champion of Nemelex Xobeh.
             Slain by an eight-headed hydra (10 damage)
             ... on Level 5 of the Swamp on Apr 28, 2014.
             The game lasted 05:06:52 (65490 turns).

Nihil the Acrobat (Spriggan Assassin)              Turns: 65490, Time: 05:06:52

HP  -4/85        AC 11     Str 12      XL: 17   Next: 93%
MP   0/34        EV 47     Int 15      God: Nemelex Xobeh [******]
Gold 3119        SH 22     Dex 22      Spells:  5 memorised,  8 levels left

rFire  + . .     SeeInvis +     m - +6,+8 quick blade (stab)
rCold  . . .     Clarity  .     b - +2 robe {MR+}
rNeg   + . .     Conserve +     B - +3 buckler {rF+}
rPois  +         rCorr    +     L - +2 hat of the Bear Spirit {Spirit, +Rage rN+ MR++}
rElec  .         rRot     .     w - +2 cloak {rCorr, Cons}
SustAb . .       Spirit   +     (gloves unavailable)
rMut   .         Warding  .     (boots unavailable)
Saprov . . .     Stasis   +     G - amulet of the Vendetta {Stasis Dex+4 Int+1}
MR     +++++                    C - ring of poison resistance
                                J - ring of Shaolin {EV+8}

@: aura of abjuration, very quick, almost entirely resistant to hostile
enchantments, incredibly stealthy
A: unfitting armour, horns 1, thin metallic scales 1, see invisible, breathe
flames 1, herbivore 3, speed 3, low mp 1, sense surroundings 1, screaming 1,
slow metabolism 2, wild magic 1
a: Draw One, Peek at Two, Triple Draw, Deal Four, Stack Five, Renounce Religion,
Breathe Fire, Evoke Berserk Rage


You were on level 5 of the Swamp.
You worshipped Nemelex Xobeh.
Nemelex Xobeh was exalted by your worship.
You were full.

You visited 6 branches of the dungeon, and saw 33 of its levels.
You also visited: Labyrinth, Ossuary and Volcano.

You collected 3601 gold pieces.
You spent 461 gold pieces at shops.

Inventory:

Hand weapons
 m - a +6,+8 quick blade of stabbing (weapon)
Missiles
 i - 13 poisoned needles
Armour
 b - a +2 robe of magic resistance (worn)
 w - a +2 cloak of preservation (worn)
 B - a +3 buckler of fire resistance (worn)
 E - the -2 hat of Tustrocorch {Dam+6}
   (You acquired it on level 3 of the Swamp)

   It affects your damage with ranged weapons and melee attacks (+6).
 L - the +2 hat of the Bear Spirit (worn) {Spirit, +Rage rN+ MR++}
   (You found it on level 11 of the Dungeon)

   It protects you from negative energy.
   It affects your resistance to hostile enchantments.
   It lets you go berserk.
Magical devices
 l - a wand of fire (6)
 p - a wand of polymorph (6) {unknown}
 q - a wand of digging (11)
 r - a wand of fireball (1)
 M - a wand of hasting (8) {unknown}
Comestibles
 u - 3 bread rations
 I - 2 royal jellies
Scrolls
 n - 2 scrolls of remove curse
 o - a scroll of enchant armour
 s - 4 scrolls of magic mapping
 x - a scroll of recharging
Jewellery
 C - a ring of poison resistance (right hand)
 G - the amulet of the Vendetta (around neck) {Stasis Dex+4 Int+1}
   (You took it off a deep elf death mage on level 3 of the Elven Halls)

   [amulet of stasis]

   It affects your intelligence (+1).
   It affects your dexterity (+4).
 J - the ring of Shaolin (left hand) {EV+8}
   (You found it in a labyrinth)

   [ring of evasion]

   It affects your evasion (+8).
Potions
 h - 3 potions of heal wounds
 j - 2 potions of might
 t - a potion of resistance
 v - a potion of haste
 z - 2 potions of magic
 A - a potion of invisibility
 K - 7 potions of curing
Books
 a - a Young Poisoner's Handbook

   Spells                             Type                      Level
   Sting                              Conjuration/Poison           1
   Cure Poison                        Poison                       2
   Mephitic Cloud                     Conjuration/Poison/Air       3
   Olgreb's Toxic Radiance            Poison                       4
   Venom Bolt                         Conjuration/Poison           5
Miscellaneous
 c - a legendary deck of escape
 d - a fan of gales
 e - an ornate deck of escape {drawn: 2}
 f - a plain deck of defence {drawn: 3}
 g - a legendary deck of wonders {drawn: 1}
 y - an ornate deck of summonings {drawn: 1}
 D - an ornate deck of summonings {drawn: 11}
 F - an ornate deck of escape {drawn: 1}
 H - an ornate deck of destruction {drawn: 4}
 N - an ornate deck of escape
 Q - a legendary deck of escape {drawn: 9}
 R - an ornate deck of defence {drawn: 3}
 U - a stone of tremors


   Skills:
 + Level 7.9 Fighting
 + Level 12.0 Short Blades
 - Level 2.2 Throwing
 - Level 2.9 Armour
 + Level 21.2 Dodging
 + Level 20.9 Stealth
 + Level 8.3 Shields
 + Level 4.3 Spellcasting
 + Level 1.2 Conjurations
 + Level 3.9 Hexes
 + Level 4.8 Charms
 + Level 2.6 Translocations
 + Level 1.2 Fire Magic
   Level 2.8 Ice Magic
 + Level 1.5 Air Magic
 + Level 18.4 Evocations


You had 8 spell levels left.
You knew the following spells:

 Your Spells              Type           Power        Failure   Level  Hunger
a - Shroud of Golubria    Chrm/Tloc      ###.......   16%         2    ##.....
b - Static Discharge      Conj/Air       ##......     50%         3    ###....
c - Fireball              Conj/Fire      ##........   100%        5    #####..
d - Enslavement           Hex            ###.....     50%         4    ####...
e - Fire Brand            Chrm/Fire      ###.......   19%         2    ##.....


Dungeon Overview and Level Annotations

Branches:
Dungeon (12/15)            Temple (1/1) D:6             Orc (4/4) D:9
    Elf (3/3) Orc:3          Lair (8/8) D:11          Swamp (5/5) Lair:3
  Snake (0/5) Lair:5        Slime (0/6) Lair:6

Altars:
Ashenzari
Cheibriados
Dithmenos
Elyvilon
Fedhas
Kikubaaqudgha
Makhleb
Nemelex Xobeh
Okawaru
Sif Muna
Trog
Vehumet
Xom
Yredelemnul
Zin
The Shining One
Beogh
Jiyva

Shops:
D:10 *   Orc:2 *   Orc:4 [(%*[


Innate Abilities, Weirdness & Mutations

You are tiny and cannot use many weapons and most armour.
You have supernaturally acute eyesight.
You are a herbivore.
You cover ground extremely quickly.
You need consume almost no food.
You have a pair of small horns on your head.
You are partially covered in thin metallic scales (AC +2).
You can breathe flames.
Your magical capacity is low (-10% MP).
You passively map a small area around you.
You occasionally shout uncontrollably.
Your spells are a little harder to cast, but a little more powerful.


Message History

Moving in this stuff is going to be slow.
A bog body comes into view.
You feel uncertain.
The bog body mumbles some strange words.
You smell decay.
The swamp drake breathes noxious fumes at you.
The bog body begins to rapidly decay!
There is a stone staircase leading up here.
The bog body's decay slows.
The spriggan rider throws a stone.
You block the stone.
The bog body begins to rapidly decay!
You block the eight-headed hydra's attack.
The eight-headed hydra barely misses you.
The eight-headed hydra bites you!
* * * LOW HITPOINT WARNING * * *
The eight-headed hydra bites you!
* * * LOW HITPOINT WARNING * * *
You block the eight-headed hydra's attack.
The eight-headed hydra bites you!
You die...
Your body glows slightly and disappears.

♣♣♣ * ≈ .f≈♣♣ , ≈
≈§≈.♣♣≈ ≈≈ .♣ ♣♣♣
.≈≈..§≈. ≈ ≈
≈♣♣*♣≈♣♣♣.≈..≈≈≈♣
..≈♣♣....≈≈≈.≈≈.♣ ♣ *
* ♣≈≈♣.≈≈.≈..≈.≈.♣ ♣
* ♣§≈≈≈≈≈..≈≈♣≈ ♣
♣♣♣♣♣≈≈≈§§@.♣♣ ≈♣♣♣
♣♣≈≈...≈≈§§DD≈♣ *
♣≈.♣♣♣%≈≈≈≈n..§§§≈♣♣≈
♣..≈♣.≈≈%≈≈≈≈≈iD♣♣♣
≈≈.....n≈D≈nnln.≈♣ ≈
%DD§(§.≈.≈≈≈≈D≈≈♣♣*
§l§≈≈§.♣♣D≈≈≈≈≈≈♣♣♣*
≈§§≈v.≈♣♣≈.≈≈≈≈..≈♣ *
§§≈≈...♣♣≈♣≈≈≈.♣♣♣♣


You could see an eight-headed hydra, a six-headed hydra, a five-headed hydra, 2
swamp dragons, a spriggan rider, 4 bog bodies and a swamp drake.

Vanquished Creatures
  A deep elf blademaster (Elf:3)
  2 deep elf master archers (Elf:3)
  A thorn hunter (Swamp:4)
  4 deep elf sorcerers (Elf:3)
  6 deep elf demonologists (Elf:3)
  7 deep elf annihilators (Elf:3)
  A minotaur (Lab)
  5 deep elf death magi (Elf:3)
  A deep elf high priest (Elf:3)
  A shambling mangrove (Swamp:1)
  11 hydras
  6 death yaks
  5 alligators
  4 spectral elves (Elf:3)
  9 spriggans
  2 skeletal warriors
  9 deep elf knights
  3 orc knights
  The ghost of Elizilla the Ducker, an experienced TrMo of Dithmenos (D:6)
  3 swamp dragons
  2 deep elf summoners
  12 deep elf conjurers
  An orc sorcerer (Elf:1)
  2 griffons (Lair:6)
  3 elephants (Lair:7)
  3 black mambas
  An elephant (shapeshifter) (Elf:2)
  25 spiny frogs
  A gargoyle (D:10)
  An item mimic (Lair:1)
  A feature mimic (D:11)
  2 wyverns (Lair:7)
  A vapour (Swamp:4)
  2 fire drakes (Lair:5)
  5 giant leeches
  A spriggan druid (Lair:8)
  3 trolls
  5 komodo dragons
  10 deep elf priests
  7 giant fireflies
  Prince Ribbit (D:8)
  A two-headed ogre (D:10)
  A polar bear (Lair:6)
  9 blink frogs
  5 ravens (Swamp:1)
  16 slime creatures
  A boulder beetle (Lair:8)
  4 bog bodies
  4 redbacks (Lair:7)
  2 grizzly bears (Lair:8)
  A trapdoor spider (Lab)
  3 fire bats (Volcano)
  4 basilisks
  5 sharks (Lair:2)
  4 thorn lotuses
  2 wraiths (D:11)
  30 yaks
  15 deep elf fighters
  2 shadows
  21 wolves
  5 hungry ghosts
  Grum (D:11)
  22 deep elf magi
  An elephant slug (Lair:2)
  6 hippogriffs
  19 swamp worms
  23 vampire mosquitoes
  A warg (Orc:1)
  2 nagas (Lair:5)
  18 water moccasins
  7 ice beasts
  12 porcupines
  5 sky beasts
  6 swamp drakes
  3 black bears (Lair:8)
  19 orc warriors
  A lava worm (D:7)
  4 yellow wasps
  5 giant goldfish
  A phantom (D:10)
  12 ogres
  4 centaurs
  A boring beetle (Lair:8)
  A lost soul (Elf:3)
  5 giant slugs
  A big kobold (D:10)
  14 giant frogs
  An earth elemental (Lab)
  11 crocodiles
  11 insubstantial wisps
  2 wights (D:11)
  3 scorpions
  2 vampire bats (Lair:5)
  A water moccasin skeleton (D:8)
  2 electric eels (Lair:3)
  18 killer bees
  A lava snake (D:7)
  A spriggan skeleton (Lab)
  2 quasits (D:9)
  4 crimson imps
  7 iguanas
  3 human zombies (D:11)
  2 jellies
  A goliath beetle (D:11)
  32 orc wizards
  Crazy Yiuf (D:5)
  A giant frog skeleton (D:7)
  28 orc priests
  11 hounds
  A human skeleton (D:11)
  4 big fish
  A centaur skeleton (Lab)
  7 worker ants
  An orange rat (Elf:2)
  8 sheep (Lair:6)
  Jessica (D:5)
  An ogre skeleton (D:9)
  17 mummies
  22 adders
  54 green rats
  A gnoll (D:2)
  A worm zombie (D:8)
  3 giant mites
  A shadow imp (D:8)
  5 worms
  3 ufetubi (Elf:3)
  An adder zombie (D:8)
  179 orcs
  2 ball pythons
  3 giant cockroaches
  18 hobgoblins
  22 jackals
  26 kobolds
  2 oozes
  8 quokkas
  27 bats
  3 giant geckos
  6 giant newts
  A gnoll skeleton (Ossuary)
  18 goblins
  A goblin skeleton (Ossuary)
  3 kobold skeletons (Ossuary)
  4 orc skeletons
  3 orc zombies
  A quokka skeleton (D:6)
  20 rats
  12 rat skeletons
  A briar patch (Swamp:4)
  2 butterflies (D:5)
  2 crawling corpses (Elf:3)
  4 fungi
  A plant (Lair:8)
1146 creatures vanquished.

Vanquished Creatures (collateral kills)
  A deep elf blademaster (Elf:3)
  A deep elf sorcerer (Elf:3)
  An orc warlord (Orc:4)
  The ghost of Lallikatu the Fighter, a powerful MiBe of Trog (Lair:8)
  A deep elf annihilator (Elf:3)
  A pale draconian (shapeshifter) (Elf:3)
  Snorg (Orc:1)
  4 deep elf death magi (Elf:3)
  A deep elf high priest (Elf:3)
  5 hydras
  A shambling mangrove (Swamp:5)
  Erica (Lair:1)
  The ghost of Tails the Cleaver, an experienced MiBe of Trog (D:9)
  An alligator (Swamp:4)
  A death yak (Lair:8)
  An orc high priest (Orc:4)
  A very ugly thing (Elf:3)
  2 spectral elves (Elf:3)
  5 spriggans (Lair:8)
  A centaur warrior (D:10)
  4 deep elf knights
  3 skeletal warriors (D:11)
  An orc knight (Orc:4)
  2 deep elf summoners
  3 deep elf conjurers
  2 griffons (Lair:7)
  An orc sorcerer (Orc:4)
  2 red wasps
  A cyclops (D:9)
  A gargoyle (D:9)
  An orange demon (Elf:3)
  2 black mambas
  A spiny frog (Swamp:3)
  2 deep elf priests
  4 fire drakes (Lair:7)
  2 trolls
  A merfolk (D:5)
  A queen bee (Lair:1)
  A giant leech (Swamp:4)
  3 giant fireflies (Lair:8)
  8 slime creatures
  4 bog bodies
  2 basilisks (Lair:7)
  2 thorn lotuses
  2 grizzly bears (Lair:8)
  A ynoxinul (Orc:4)
  4 deep elf magi
  A tarantella (Elf:3)
  5 wyverns (Lair:7)
  3 ugly things
  3 hippogriffs (Lair:7)
  A hungry ghost (D:8)
  A yak (Lair:1)
  2 fire bats (Volcano)
  2 deep elf fighters
  A vampire mosquito (Lair:7)
  10 wolves
  4 swamp worms
  A soldier ant (D:9)
  9 orc warriors
  3 yellow wasps
  2 swamp drakes
  4 hell hounds (Lair:7)
  A black bear (Lair:8)
  3 ogres
  An ice beast (D:11)
  2 centaurs (D:9)
  A giant goldfish (Lair:2)
  2 boring beetles
  A big kobold (D:11)
  Blork the orc (D:8)
  8 insubstantial wisps
  3 giant frogs
  A water moccasin skeleton (D:9)
  21 killer bees
  2 crimson imps
  An electric eel (Lair:3)
  2 hounds
  A big fish (Lair:3)
  5 orc priests
  An iguana (Lair:1)
  7 orc wizards
  An orange rat (Elf:3)
  A worker ant (D:7)
  2 sheep (D:9)
  14 green rats (Lair:2)
  2 adders
  30 orcs
  A bat (D:8)
  A hobgoblin (Orc:4)
  A giant gecko (Lair:2)
  2 kobolds (D:11)
  11 orc zombies (Orc:4)
  3 butterflies
  2 plants (Lair:7)
280 creatures vanquished.

Vanquished Creatures (others)
  A large abomination (Elf:3)
  8 very ugly things
  2 skeletal warriors
  2 griffons
  A hellion (Elf:2)
  6 red wasps (Swamp:5)
  A tormentor (Lair:2)
  9 dancing weapons
  A vapour (Swamp:5)
  A komodo dragon (Swamp:5)
  3 spiny frogs
  A blue devil (Elf:3)
  A deep elf priest (Elf:3)
  6 giant fireflies
  An iron devil (Elf:1)
  2 polar bears
  2 grizzly bears (Lair:8)
  2 yaks (Elf:3)
  2 basilisks
  8 ugly things
  3 hogs
  3 shadows (Elf:3)
  A wolf (D:9)
  A deep elf fighter (Elf:2)
  5 hippogriffs (Lair:1)
  8 vampire mosquitoes
  A water moccasin (Lair:8)
  6 soldier ants
  18 yellow wasps
  4 black bears
  An elf skeleton (Elf:3)
  4 boring beetles
  18 insubstantial wisps
  2 quasits
  2 iron imps (Elf:3)
  2 hounds
  5 sheep
  A white imp (Orc:1)
  A shadow imp (D:10)
  An ufetubus (Swamp:5)
  3 orcs
  A giant newt skeleton (D:5)
  3 butterflies
  A crawling corpse (Elf:3)
  10 fungi
  11 plants
176 creatures vanquished.

Grand Total: 1602 creatures vanquished

Notes
Turn   | Place    | Note
--------------------------------------------------------------
     0 | D:1      | Nihil, the Spriggan Assassin, began the quest for the Orb.
     0 | D:1      | Reached XP level 1. HP: 10/10 MP: 2/2
    11 | D:1      | Reached skill level 6 in Stealth
   137 | D:1      | Reached XP level 2. HP: 9/14 MP: 4/4
  1135 | D:1      | Reached XP level 3. HP: 15/18 MP: 6/6
  1387 | D:2      | Reached skill level 7 in Stealth
  1425 | D:2      | Found a bloodstained altar of Trog.
  2534 | D:2      | Reached XP level 4. HP: 20/22 MP: 8/8
  2799 | D:2      | Reached XP level 5. HP: 14/26 MP: 10/10
  3026 | D:3      | Found a glowing golden altar of the Shining One.
  3027 | D:3      | Found a basalt altar of Yredelemnul.
  3028 | D:3      | Found a shattered altar of Ashenzari.
  3103 | D:3      | Found a sparkling altar of Nemelex Xobeh.
  3163 | D:3      | Became a worshipper of Nemelex Xobeh the Trickster
  3180 | D:3      | Received a gift from Nemelex Xobeh
  3208 | D:3      | Found a shadowy altar of Dithmenos.
  3816 | D:2      | Acquired Nemelex Xobeh's first power
  4135 | D:4      | Reached skill level 5 in Dodging
  4274 | D:4      | Acquired Nemelex Xobeh's second power
  4538 | D:4      | Received a gift from Nemelex Xobeh
  4557 | D:4      | Reached XP level 6. HP: 30/30 MP: 12/12
  4659 | D:5      | Entered Level 5 of the Dungeon
  4692 | D:5      | Reached skill level 8 in Stealth
  4724 | D:5      | Noticed Miapro Muine
  4896 | D:5      | Killed Miapro Muine the merfolk
  4902 | D:5      | Reached skill level 1 in Evocations
  4903 | D:5      | Found a sand-covered staircase.
  4922 | D:5      | Received a gift from Nemelex Xobeh
  4991 | Ossuary  | Entered an ossuary
  6381 | Ossuary  | Reached XP level 7. HP: 35/35 MP: 17/17
  6491 | Ossuary  | Gained mutation: You have a pair of small horns on your head. [potion of mutation]
  6632 | D:5      | Reached skill level 9 in Stealth
  6822 | D:5      | Found a deep blue altar of Sif Muna.
  6915 | D:5      | Noticed Jessica
  6925 | D:5      | Killed Jessica
  6932 | D:5      | Found a sparkling altar of Nemelex Xobeh.
  7176 | D:5      | Found a glowing silver altar of Zin.
  7396 | D:5      | Acquired Nemelex Xobeh's third power
  7705 | D:5      | Noticed Crazy Yiuf
  7725 | D:5      | Killed Crazy Yiuf
  7725 | D:5      | Reached skill level 10 in Stealth
  8129 | D:6      | Received a gift from Nemelex Xobeh
  8142 | D:6      | Found a staircase to the Ecumenical Temple.
  8159 | Temple   | Entered the Ecumenical Temple
  8288 | D:6      | Reached XP level 8. HP: 23/39 MP: 19/19
  8517 | D:6      | Noticed Elizilla's ghost (experienced TrMo)
  8881 | D:6      | Killed Elizilla's ghost
  8881 | D:6      | Reached skill level 11 in Stealth
  8881 | D:6      | Reached skill level 5 in Evocations
  9482 | D:6      | Reached skill level 5 in Short Blades
  9487 | D:6      | Acquired Nemelex Xobeh's fourth power
  9636 | D:7      | Received a gift from Nemelex Xobeh
  9867 | D:7      | Found a shimmering altar of Xom.
  9873 | D:7      | Reached XP level 9. HP: 44/44 MP: 22/22
 10011 | D:7      | Reached skill level 10 in Dodging
 10178 | D:7      | Received a gift from Nemelex Xobeh
 11045 | D:8      | Noticed Blork the orc
 11059 | D:8      | Killed Blork the orc
 11169 | D:8      | Reached skill level 12 in Stealth
 11176 | D:8      | Acquired Nemelex Xobeh's fifth power
 11180 | D:8      | Noticed Prince Ribbit
 11205 | D:8      | Killed Prince Ribbit
 11371 | D:8      | Gained mutation: You are partially covered in icy blue scales (AC +1). [potion of mutation]
 11371 | D:8      | Gained mutation: You have large cloven feet. [potion of mutation]
 11371 | D:8      | Gained mutation: You can translocate small distances at will. [potion of mutation]
 11722 | D:8      | Identified a scroll of acquirement
 11920 | D:9      | Found a staircase to the Orcish Mines.
 12001 | D:9      | Received a gift from Nemelex Xobeh
 12110 | D:9      | Noticed Tails' ghost (experienced MiBe)
 12121 | D:9      | Noticed a cyclops
 12138 | D:9      | Killed Tails' ghost
 12141 | D:9      | Killed a cyclops
 12187 | D:9      | Found a blossoming altar of Fedhas.
 12187 | D:9      | Found an ancient bone altar of Kikubaaqudgha.
 12316 | D:9      | Reached XP level 10. HP: 49/49 MP: 25/25
 12947 | D:9      | Reached skill level 1 in Shields
 14034 | D:9      | Received a gift from Nemelex Xobeh
 14037 | D:10     | Entered Level 10 of the Dungeon
 14069 | D:10     | Reached skill level 13 in Stealth
 14383 | D:10     | Found Miunuurph's Assorted Antiques.
 14635 | D:10     | Noticed a centaur warrior
 14644 | D:10     | Killed a centaur warrior
 14930 | D:10     | Reached skill level 14 in Stealth
 14992 | D:11     | Noticed a skeletal warrior
 14992 | D:11     | Noticed a skeletal warrior
 14992 | D:11     | Noticed a skeletal warrior
 14994 | D:11     | Killed a skeletal warrior
 15008 | D:11     | Noticed a skeletal warrior
 15280 | D:11     | Received a gift from Nemelex Xobeh
 15294 | D:11     | Killed a skeletal warrior
 15311 | D:11     | Killed a skeletal warrior
 15311 | D:11     | Reached XP level 11. HP: 43/53 MP: 27/27
 15325 | D:11     | Killed a skeletal warrior
 15686 | D:11     | Noticed Grum
 15718 | D:11     | Killed Grum
 15775 | D:11     | Found a staircase to the Lair.
 15992 | D:11     | Reached skill level 15 in Stealth
 16049 | D:11     | Found a basalt altar of Yredelemnul.
 16254 | Lair:1   | Entered Level 1 of the Lair of Beasts
 16327 | Lair:1   | Noticed an eight-headed hydra
 16356 | Lair:1   | Killed an eight-headed hydra
 16680 | Lair:1   | Lost mutation: You can translocate small distances at will. [potion of cure mutation]
 16680 | Lair:1   | Lost mutation: You are partially covered in icy blue scales (AC +1). [potion of cure mutation]
 16680 | Lair:1   | Lost mutation: You have a pair of small horns on your head. [potion of cure mutation]
 16680 | Lair:1   | Lost mutation: You have large cloven feet. [potion of cure mutation]
 17555 | Lair:1   | Received a gift from Nemelex Xobeh
 17753 | Lair:1   | Received a gift from Nemelex Xobeh
 17754 | Lair:1   | Reached skill level 15 in Dodging
 18009 | Lair:1   | Noticed Erica
 18486 | Orc:1    | Entered Level 1 of the Orcish Mines
 18544 | Orc:1    | Received a gift from Nemelex Xobeh
 18682 | Orc:2    | Found Otiocric's General Store.
 18726 | Orc:2    | Gained mutation: You have a beak for a mouth. [helix card]
 19301 | Orc:1    | Received a gift from Nemelex Xobeh
 19538 | Orc:2    | Received a gift from Nemelex Xobeh
 19617 | Orc:2    | Bought a scroll of identify for 26 gold pieces
 19617 | Orc:2    | Bought a scroll of identify for 26 gold pieces
 19973 | Orc:1    | Received a gift from Nemelex Xobeh
 22675 | Orc:1    | Received a gift from Nemelex Xobeh
 22828 | Orc:2    | Reached XP level 12. HP: 55/58 MP: 29/29
 22838 | Orc:2    | Reached skill level 10 in Evocations
 23141 | Orc:1    | Noticed Snorg
 23156 | Orc:1    | Killed Snorg
 23400 | Orc:1    | Received a gift from Nemelex Xobeh
 23449 | Orc:1    | Received a gift from Nemelex Xobeh
 23832 | Orc:2    | Received a gift from Nemelex Xobeh
 24129 | Orc:1    | Received a gift from Nemelex Xobeh
 24440 | Orc:3    | Received a gift from Nemelex Xobeh
 24466 | Orc:2    | Received a gift from Nemelex Xobeh
 24502 | Orc:3    | Found a staircase to the Elven Halls.
 25461 | Orc:2    | Reached skill level 16 in Stealth
 25471 | Orc:2    | Gained mutation: You occasionally shout uncontrollably. [mutagenic glow]
 25854 | Orc:2    | Received a gift from Nemelex Xobeh
 25861 | Orc:2    | Lost mutation: You occasionally shout uncontrollably. [potion of cure mutation]
 25861 | Orc:2    | Lost mutation: You have a beak for a mouth. [potion of cure mutation]
 25866 | Orc:2    | Gained mutation: You have a pair of small horns on your head. [helix card]
 26597 | Orc:4    | Entered Level 4 of the Orcish Mines
 26874 | Orc:4    | Found a roughly hewn altar of Beogh.
 27115 | Orc:4    | Found a roughly hewn altar of Beogh.
 27504 | Orc:4    | Found Zaqautt's Food Boutique.
 27685 | Orc:4    | Received a gift from Nemelex Xobeh
 27808 | Orc:4    | Found a roughly hewn altar of Beogh.
 28001 | Orc:4    | Found a roughly hewn altar of Beogh.
 28005 | Orc:4    | Found Clei's General Store.
 28055 | Orc:4    | Bought 3 scrolls of identify for 96 gold pieces
 28104 | Orc:4    | Found a roughly hewn altar of Beogh.
 28115 | Orc:4    | Found Threat's Armour Shop.
 28324 | Orc:4    | Received a gift from Nemelex Xobeh
 28442 | Orc:4    | Noticed an orc warlord
 28486 | Orc:4    | Killed an orc warlord
 28536 | Orc:4    | Received a gift from Nemelex Xobeh
 28573 | Orc:4    | Found a roughly hewn altar of Beogh.
 28574 | Orc:4    | Found Xar Udug's Antique Armour Shop.
 28582 | Orc:4    | Found Caot's Antique Weapon Boutique.
 28852 | Orc:4    | Received a gift from Nemelex Xobeh
 28915 | Orc:4    | Received a gift from Nemelex Xobeh
 28927 | Orc:4    | Bought a pitted short sword for 216 gold pieces
 28929 | Orc:4    | Identified the cursed -2,-2 short sword "Khiw" {slice, Int+2} (You bought it in a shop on level 4 of the Orcish Mines)
 29194 | Orc:2    | Bought a scroll of enchant armour for 97 gold pieces
 29417 | Elf:1    | Entered Level 1 of the Elven Halls
 29651 | Lair:1   | Killed Erica
 29839 | Lair:1   | Reached skill level 5 in Fighting
 30002 | Lair:1   | Received a gift from Nemelex Xobeh
 30602 | Lair:1   | Received a gift from Nemelex Xobeh
 30621 | Lair:2   | Noticed a four-headed hydra
 31215 | Lair:2   | Received a gift from Nemelex Xobeh
 31237 | Lair:2   | Killed a four-headed hydra
 31287 | Lair:2   | Reached XP level 13. HP: 24/63 MP: 26/32
 31638 | Lair:2   | Received a gift from Nemelex Xobeh
 31904 | Lair:2   | Reached skill level 17 in Dodging
 31904 | Lair:2   | Reached skill level 5 in Shields
 31904 | Lair:2   | Reached XP level 14. HP: 62/69 MP: 33/33
 32746 | Lair:3   | Found a dark tunnel.
 32815 | Lair:3   | Identified the Volume of Orientation
 32825 | Lair:3   | Learned a level 2 spell: Shroud of Golubria
 33034 | Lair:3   | Found a staircase to the Swamp.
 33044 | Lair:3   | Received a gift from Nemelex Xobeh
 33261 | Volcano  | Entered a volcano
 35133 | Lair:5   | Found a labyrinth entrance.
 35301 | Lair:5   | Found a staircase to the Snake Pit.
 35338 | Lab      | Entered a labyrinth
 35851 | Lab      | Received a gift from Nemelex Xobeh
 35904 | Lair:5   | Learned a level 3 spell: Static Discharge
 36191 | Lair:5   | Received a gift from Nemelex Xobeh
 36769 | Lair:6   | Received a gift from Nemelex Xobeh
 37292 | Lair:6   | Found a viscous altar of Jiyva.
 37292 | Lair:6   | Found a staircase to the Slime Pits.
 37338 | Lair:6   | Received a gift from Nemelex Xobeh
 37460 | Lair:6   | Reached skill level 18 in Dodging
 38380 | Lair:7   | Received a gift from Nemelex Xobeh
 38600 | Lair:7   | Received a gift from Nemelex Xobeh
 38650 | Lair:7   | You fall through a shaft!
 38650 | Lair:8   | Entered Level 8 of the Lair of Beasts
 38827 | Lair:8   | Received a gift from Nemelex Xobeh
 38991 | Lair:8   | Noticed Lallikatu's ghost (powerful MiBe)
 39031 | Lair:8   | Received a gift from Nemelex Xobeh
 39043 | Lair:8   | Killed Lallikatu's ghost
 39043 | Lair:8   | Reached XP level 15. HP: 45/73 MP: 13/34
 39445 | Lair:8   | Identified a +2 rod of striking (12/12) (You took it off a minotaur in a labyrinth)
 39480 | Lair:8   | Received a gift from Nemelex Xobeh
 40204 | Lair:8   | Reached skill level 19 in Dodging
 40491 | Lair:8   | Received a gift from Nemelex Xobeh
 41041 | Lair:8   | Received a gift from Nemelex Xobeh
 41420 | Lair:8   | Gained mutation: You passively map a small area around you. [helix card]
 41909 | Lair:7   | Received a gift from Nemelex Xobeh
 42980 | Lair:8   | Reached skill level 10 in Short Blades
 44539 | Temple   | Learned a level 5 spell: Fireball
 44544 | Temple   | Learned a level 4 spell: Enslavement
 44816 | Elf:1    | Received a gift from Nemelex Xobeh
 45453 | Elf:1    | Identified a +2 cloak of preservation (You acquired it on level 1 of the Elven Halls)
 46143 | Elf:2    | Received a gift from Nemelex Xobeh
 46816 | Temple   | Learned a level 2 spell: Fire Brand
 49258 | Elf:2    | Got a faintly glowing robe
 49546 | Elf:2    | Identified the cursed -4 robe "Thraoff" {Dex+4} (You found it on level 2 of the Elven Halls)
 49549 | Elf:2    | Gained mutation: Your magical capacity is low (-10% MP). [potion of mutation]
 49549 | Elf:2    | Gained mutation: You occasionally shout uncontrollably. [potion of mutation]
 49656 | Elf:2    | Reached skill level 15 in Evocations
 49714 | Elf:2    | Found an ancient bone altar of Kikubaaqudgha.
 49781 | Elf:2    | Received a gift from Nemelex Xobeh
 49971 | Elf:2    | Reached skill level 20 in Dodging
 50089 | Elf:2    | Received a gift from Nemelex Xobeh
 50233 | Elf:3    | Entered Level 3 of the Elven Halls
 50356 | Elf:3    | Received a gift from Nemelex Xobeh
 50580 | Elf:3    | Noticed a storm dragon
 50581 | Elf:3    | Received a gift from Nemelex Xobeh
 50581 | Elf:3    | a storm dragon changed into a white draconian
 50936 | Elf:3    | Received a gift from Nemelex Xobeh
 50937 | Elf:3    | Noticed a deep elf blademaster
 50941 | Elf:3    | Noticed a Hell Sentinel
 50945 | Elf:3    | Noticed a Brimstone Fiend
 50951 | Elf:3    | Noticed a Brimstone Fiend
 50986 | Elf:3    | Killed a deep elf blademaster
 51310 | Elf:3    | Noticed a deep elf master archer
 51361 | Elf:3    | Received a gift from Nemelex Xobeh
 51393 | Elf:3    | Reached XP level 16. HP: 74/80 MP: 14/32
 51408 | Elf:3    | Killed a deep elf master archer
 51602 | Elf:3    | Received a gift from Nemelex Xobeh
 51614 | Elf:3    | Noticed an Ice Fiend
 51764 | Elf:3    | Received a gift from Nemelex Xobeh
 51821 | Elf:3    | Received a gift from Nemelex Xobeh
 51832 | Elf:3    | Noticed a deep elf master archer
 51838 | Elf:3    | Noticed a deep elf blademaster
 51838 | Elf:3    | Killed a deep elf master archer
 52385 | Elf:3    | Received a gift from Nemelex Xobeh
 52633 | Elf:3    | Killed a deep elf blademaster
 52724 | Elf:3    | Received a gift from Nemelex Xobeh
 53186 | Elf:3    | Received a gift from Nemelex Xobeh
 53533 | Elf:3    | Got a warped amber ring
 53534 | Elf:3    | Got a polished flail
 53874 | Elf:3    | Identified the cursed -2,+2 flail of the Mushroom {speed, -Cast +Rage rN+} (You took it off a deep elf high priest on level 3 of the Elven Halls)
 53877 | Elf:3    | Received a gift from Nemelex Xobeh
 53881 | Elf:3    | Identified the Reference Book on Companions (You found it on level 3 of the Elven Halls)
 53911 | Elf:3    | Got a shimmering zirconium amulet
 54344 | Elf:3    | Got a crystal dagger
 54359 | Elf:3    | Identified the amulet of the Vendetta {Stasis Dex+4 Int+1} (You took it off a deep elf death mage on level 3 of the Elven Halls)
 54371 | Elf:3    | Got a warped sling
 54423 | Elf:3    | Identified the +5,+4 dagger of the Goat {antimagic, SInv} (You took it off a deep elf annihilator on level 3 of the Elven Halls)
 54425 | Elf:3    | Received a gift from Nemelex Xobeh
 54567 | Elf:3    | Identified the Catalogue of Conjuration (You found it on level 3 of the Elven Halls)
 54604 | Elf:3    | Gained mutation: You can breathe flames. [potion of mutation]
 54604 | Elf:3    | Gained mutation: Your spells are a little harder to cast, but a little more powerful. [potion of mutation]
 54604 | Elf:3    | Gained mutation: You are partially covered in thin metallic scales (AC +2). [potion of mutation]
 54914 | Temple   | Upgraded the game from 0.14.0-26-g1682e81 to 0.14.1
 56455 | Temple   | Received a gift from Nemelex Xobeh
 59671 | Temple   | Reached skill level 1 in Conjurations
 59671 | Temple   | Reached skill level 1 in Fire Magic
 59671 | Temple   | Reached skill level 1 in Air Magic
 59671 | Temple   | Reached XP level 17. HP: 85/85 MP: 34/34
 59677 | Temple   | Received a gift from Nemelex Xobeh
 59969 | Swamp:1  | Entered Level 1 of the Swamp
 60665 | Swamp:1  | Reached skill level 1 in Ice Magic
 60809 | Swamp:1  | Received a gift from Nemelex Xobeh
 61029 | Swamp:1  | Received a gift from Nemelex Xobeh
 62175 | Swamp:3  | Received a gift from Nemelex Xobeh
 62543 | Swamp:3  | Received a gift from Nemelex Xobeh
 62880 | Swamp:3  | Got a slimy hat
 62881 | Swamp:3  | Identified the -2 hat of Tustrocorch {Dam+6} (You acquired it on level 3 of the Swamp)
 63015 | Swamp:3  | Received a gift from Nemelex Xobeh
 63015 | Swamp:3  | Noticed a bone dragon
 63990 | Swamp:4  | Reached skill level 21 in Dodging
 64262 | Swamp:4  | Received a gift from Nemelex Xobeh
 64701 | Swamp:4  | Received a gift from Nemelex Xobeh
 64719 | Swamp:4  | HP: 1/85 [eight-headed hydra (14)]
 65333 | Swamp:5  | Entered Level 5 of the Swamp
 65335 | Swamp:5  | Received a gift from Nemelex Xobeh
 65467 | Swamp:5  | Received a gift from Nemelex Xobeh
 65490 | Swamp:5  | Slain by an eight-headed hydra

Action                   |  1- 3 |  4- 6 |  7- 9 | 10-12 | 13-15 | 16-18 || total
-------------------------+-------+-------+-------+-------+-------+-------++-------
Melee: Dagger            |   184 |   284 |   446 |  1940 |  1613 |       ||  4467
       Quick blade       |       |       |       |       |   308 |  1002 ||  1310
Throw: Dart              |       |       |       |     1 |     1 |       ||     2
 Cast: Shroud of Golubri |       |       |       |       |     2 |       ||     2
       Static Discharge  |       |       |       |       |     2 |     8 ||    10
       Fire Brand        |       |       |       |       |     1 |       ||     1
Invok: Draw One          |       |    11 |    44 |   127 |   133 |   168 ||   483
       Triple Draw       |       |       |       |     3 |     2 |       ||     5
       Deal Four         |       |       |       |       |     2 |     2 ||     4
Evoke: Wand              |       |       |     7 |    36 |     8 |       ||    51
       Stone of tremors  |       |       |       |     1 |     1 |     2 ||     4
       Fan of gales      |       |       |       |       |       |     1 ||     1
  Use: Scroll            |    12 |     6 |    13 |    20 |    29 |     9 ||    89
       Potion            |     3 |     2 |    10 |     4 |     5 |     4 ||    28
 Stab: Sleeping          |     6 |    14 |    18 |    61 |    90 |    16 ||   205
       Distracted        |     1 |     1 |     4 |     6 |    13 |     4 ||    29
       Invisible         |       |     1 |       |    10 |     4 |       ||    15
       Paralysed         |       |       |       |     2 |     1 |       ||     3
